 Dungeon Crawl Stone Soup version 0.28-a0-823-gb444dcf96d (webtiles) character file.

Game seed: 17047213968674708037

109 Crownlay the Chopper (level 4, -2/39 HPs)
             Began as a Hill Orc Fighter on Nov 9, 2021.
             Slain by Grinder (3 damage)
             ... on level 3 of the Dungeon.
             The game lasted 00:02:20 (2534 turns).

Crownlay the Chopper (Hill Orc Fighter)             Turns: 2534, Time: 00:02:21

Health: -2/39      AC:  9    Str: 19    XL:     4   Next: 90%
Magic:  4/4        EV: 10    Int:  8    God:
Gold:   102        SH:  4    Dex: 10    Spells: 3/3 levels left

rFire   . . .      SeeInvis .   a - +0 war axe
rCold   . . .      Faith    .   c - +0 buckler
rNeg    . . .      Spirit   .   j - +3 ring mail
rPois   .          Reflect  .   (no helmet)
rElec   .          Harm     .   (no cloak)
rCorr   .          Rampage  .   b - +0 pair of gloves
Will    .....                   (no boots)
Stlth   ..........              (no amulet)
HPRegen 0.13/turn               l - ring of flight
MPRegen 0.09/turn               (no ring)

@: flying
A: no striking features
a: no special abilities


You were on level 3 of the Dungeon.
You visited 1 branch of the dungeon, and saw 3 of its levels.

You collected 102 gold pieces.

Inventory:

Hand Weapons
 a - a +0 war axe (weapon)
Armour
 b - a +0 pair of gloves (worn)
 c - a +0 buckler (worn)
 j - a +3 ring mail (worn)
Jewellery
 l - a ring of flight (left hand)
Wands
 o - a wand of mindburst (11)
Scrolls
 f - 2 scrolls of teleportation {unknown}
 g - 3 scrolls of vulnerability {unknown}
 m - a scroll of enchant armour {unknown}
Potions
 d - a potion of might
 e - 2 potions of berserk rage {unknown}
 h - a potion of invisibility {unknown}
 i - a potion of haste {unknown}
 k - 2 potions of heal wounds {unknown}
 n - a potion of degeneration {unknown}


   Skills:
 - Level 3.6 Fighting
 * Level 5.9 Axes
 - Level 3.2 Armour
 - Level 4.0 Shields


You had 3 spell levels left.
You didn't know any spells.
Your spell library contained the following spells:

 Spells                   Type           Power      Damage    Failure   Level
 Ensorcelled Hibernation  Hex/Ice        0%         N/A       73%         2
 Dazzling Flash           Conj/Hex       0%         N/A       91%         3
 Tukima's Dance           Hex            0%         N/A       91%         3
 Iskenderun's Mystic Bla  Conj/Tloc      0%         2d3       100%        4
 Starburst                Conj/Fire      0%         6d3       100%        6


Dungeon Overview and Level Annotations

Branches:
Dungeon (3/15)

Altars:
Trog

Annotations:
D:3 Grinder


Message History

You see here a ball python corpse.
You slash Grinder!
Grinder is moderately wounded.
Grinder gestures at you.
You suddenly lose the ability to move!
Grinder completely misses you. Grinder hits you.
You writhe in agony.
Grinder hits you. Grinder gestures at you. Pain shoots through your body!
* * * LOW HITPOINT WARNING * * *
Grinder barely misses you.
You can move again.
Okay, then.
You closely miss Grinder.
Grinder is moderately wounded.
Grinder gestures at you. You resist with significant effort.
You closely miss Grinder.
Grinder is moderately wounded.
Grinder barely misses you. You block Grinder's attack.
You barely miss Grinder.
Grinder is moderately wounded.
Grinder gestures at you. Pain shoots through your body!
* * * LOW HITPOINT WARNING * * *
Okay, then.
You hit Grinder.
Grinder is moderately wounded.
You block Grinder's attack.
You completely miss Grinder.
Grinder is moderately wounded.
Grinder closely misses you.
You slash Grinder!
Grinder is heavily wounded.
Grinder hits you but does no damage.
You barely miss Grinder.
Grinder is heavily wounded.
You block Grinder's attack. Grinder hits you.
You die...

...........#####... #
#..........#####.#. #.
#.........>##..#...
####.##..........##.....#
........#####.####...)...
........# #.####.#.#.##
........# ##.##...#...##
.......5####.....#####...
........@.............#..
###########.#.#######.>.#
#.#.# ###.. #.#.## #.#
###....### #.# .
#........# #.#
..##.#....#.# #..
........###.### ##.
........# #...#####.


You could see Grinder.

Vanquished Creatures
  An iguana (D:3)
  An adder (D:3)
  2 dart slugs
  6 orcs (D:3)
  7 ball pythons
  16 bats
  4 endoplasms
  2 giant cockroaches
  4 goblins
  A hobgoblin (D:1)
  3 quokkas
  A frilled lizard (D:3)
  9 kobolds
  6 rats
63 creatures vanquished.

Notes
Turn   | Place    | Note
-------+----------+-------------------------------------------
     0 | D:1      | Crownlay the Hill Orc Fighter began the quest for the Orb.
     0 | D:1      | Reached XP level 1. HP: 19/19 MP: 1/1
    35 | D:1      | Reached skill level 3 in Axes
    92 | D:1      | Reached XP level 2. HP: 16/26 MP: 2/2
   731 | D:1      | Reached skill level 4 in Axes
   945 | D:1      | Reached XP level 3. HP: 25/31 MP: 3/3
  1873 | D:3      | Found a faded altar of an unknown god.
  1880 | D:3      | Reached skill level 5 in Axes
  1880 | D:3      | Reached XP level 4. HP: 28/39 MP: 4/4
  2082 | D:3      | Found a bloodstained altar of Trog.
  2506 | D:3      | Noticed Grinder
  2510 | D:3      | Paralysed by Grinder for 4 turns
  2522 | D:3      | Paralysed by Grinder for 6 turns
  2530 | D:3      | HP: 1/39 [Grinder/nerve-wracking pain (6)]
  2534 | D:3      | Slain by Grinder

Illustrated notes

Levels and vault maps discovered:
D:1:      heliophobic_arrival_glass_houses, layout_basic
D:2:      layout_loops_ring
D:3:      layout_rooms, nicolae_overflow_crystal_walls,
          ebering_ecumenical_altar_ruins, uniq_grinder

Skill      XL: |  1  2  3 |
---------------+----------+-----
Axes           | 3 4 5 |  5.9
Shields        | 4 |  4.0
Fighting       | |  3.6
Armour         | |  3.2

Action                   |  1- 3 |  4- 6 || total
-------------------------+-------+-------++-------
Melee: War axe           |   116 |    74 ||   190
Armor: Scale mail        |    16 |       ||    16
       Ring mail         |    46 |    32 ||    78
Dodge: Dodged            |    65 |    33 ||    98
Block: Buckler           |    26 |    20 ||    46

Table legend: (Time is in decaauts)
 A = Elapsed time spent in this place.
 B = Non-inter-level travel time spent in this place.
 C = Inter-level travel time spent in this place.
 D = Time resting spent in this place.
 E = Time spent auto-exploring this place.
 F = Levels seen in this place.
 G = Mean time per level.
                   A        B        C        D        E       F      G
               +--------+--------+--------+--------+--------+-----+--------+
         Total |   2585 |   2527 |     58 |      0 |   2031 |   3 |  861.7 |
       Dungeon |   2585 |   2527 |     58 |      0 |   2031 |   3 |  861.7 |
               +--------+--------+--------+--------+--------+-----+--------+

Top non-repeatable levels by time:
     D:1: 1057 daAuts
     D:2: 786 daAuts
     D:3: 741 daAuts
